 Dungeon Crawl Stone Soup version 0.31-a0-152-g6aa68a64a1 (webtiles) character file.

Game seed: 9744905265963679832

422 qw the Skirmisher (level 6, 0/52 HPs)
             Began as a Minotaur Hunter on June 8, 2023.
             Slain by a gnoll
             ... wielding a +0 whip
              (1 damage)
             ... on level 4 of the Dungeon.
             The game lasted 00:01:09 (2638 turns).

qw the Skirmisher (Minotaur Hunter)                 Turns: 2638, Time: 00:01:09

Health: 0/52       AC:  7    Str: 16    XL:     6   Next: 63%
Magic:  5/5        EV: 12    Int:  6    God:
Gold:   131        SH:  0    Dex: 15    Spells: 5/5 levels left

rFire   . . .        Y - +1 shortbow
rCold   . . .        (shield currently unavailable)
rNeg    . . .        e - +3 leather armour
rPois   .            (helmet restricted)
rElec   .            (no cloak)
rCorr   +            i - +0 pair of gloves
SInv    .            (no boots)
Will    .....        (no amulet)
Stlth   +            b - ring of resist corrosion
HPRegen 0.28/turn    (no ring)
MPRegen 0.09/turn

%: no passive effects
@: no status effects
A: horns 2, retaliatory headbutt
a: no special abilities


You were on level 4 of the Dungeon.
You visited 1 branch of the dungeon, and saw 4 of its levels.

You collected 241 gold pieces.
You spent 110 gold pieces at shops.


Innate Abilities, Weirdness & Mutations

You have a pair of horns on your head.
You reflexively headbutt those who attack you in melee.


   Skills:
 + Level 4.1 Fighting
 - Level 8.1 Ranged Weapons
 - Level 1.0 Armour
 - Level 2.1 Dodging
 - Level 0.7 Stealth


You had 5 spell levels left.
You didn't know any spells.
Your spell library was empty.

Inventory:

Hand Weapons
 Y - a +1 shortbow (weapon)
Armour
 e - a +3 leather armour (worn)
 i - a +0 pair of gloves (worn)
Jewellery
 b - a ring of resist corrosion (left hand)
Scrolls
 k - a scroll of identify
Potions
 a - a potion of brilliance {unknown}
 c - a potion of degeneration {unknown}
 f - a potion of haste
 g - a potion of might
 j - 4 potions of curing

Dungeon Overview and Level Annotations

Branches:
Dungeon (4/15)
 Temple: D:4-7

Altars:
Gozag

Shops:
D:3 !:

Annotations:
D:3 3 runed translucent doors, qw's ghost, amateur GrHu


Message History

You shoot an arrow. The arrow completely misses the ogre.
A gnoll comes into view. It is wielding a +0 spear.
The ogre barely misses you.
You shoot an arrow. The arrow hits the ogre.
The ogre is almost dead.
You shoot an arrow. The arrow closely misses the ogre.
A gnoll comes into view. It is wielding a +0 whip.
The hobgoblin hits you. The ogre closely misses you.
The hobgoblin barely misses you.
You shoot an arrow. The gnoll shouts!
The arrow hits the ogre but does no damage.
The ogre is almost dead.
The ogre misses you.
The hobgoblin hits you but does no damage.
You shoot an arrow. The arrow hits the ogre!
You kill the ogre!
The gnoll hits you but does no damage.
A hobgoblin comes into view.
The hobgoblin misses you.
Your Ranged Weapons skill increases to level 8!
You shoot an arrow. The hobgoblin shouts!
The arrow hits the hobgoblin.
The hobgoblin is heavily wounded.
The gnoll hits you from afar with a +0 spear.
A gnoll comes into view. It is wielding a +0 halberd.
The hobgoblin closely misses you.
You shoot an arrow. The gnoll shouts!
The arrow hits the hobgoblin!
You kill the hobgoblin!
The gnoll barely misses you.
The gnoll hits you from afar with a +0 spear!
You shoot an arrow. The arrow hits the gnoll!
The gnoll is heavily wounded.
The gnoll barely misses you.
The gnoll hits you from afar with a +0 spear.
The gnoll hits you with a +0 whip.
You die...

#.# #######.##
######.######
.....<...#
#.......(...#
#.#####..#
#.####.####.# #>.# #.#
#.# #..# #.# #.# #.<#
##.# #.# #..#
#...###.###..# .%..#
#.#.gg@)....# .......
#.#.[#g##........^..#.#
...g.... .#####.##.#.#
##g.###... .. #. #.#.#
.... #.### .. . .....
... #.# # ## ..# #.#


You could see 4 gnolls and a hobgoblin.

Vanquished Creatures
  An ogre (D:4)
  A phantom (D:3)
  A hound (D:4)
  Natasha (thrice) (D:2)
  An orc wizard (D:3)
  Ijyb (D:3)
  3 adders
  3 dart slugs
  2 orcs (D:3)
  7 bats
  8 endoplasms
  5 giant cockroaches
  5 goblins
  8 hobgoblins
  8 jackals
  A quokka (D:3)
  8 ball pythons
  5 frilled lizards
  A kobold (D:2)
  8 rats
80 creatures vanquished.

Notes
Turn   | Place    | Note
-------+----------+-------------------------------------------
     0 | D:1      | qw the Minotaur Hunter began the quest for the Orb.
     0 | D:1      | Reached XP level 1. HP: 18/18 MP: 0/0
     0 | D:1      | 0 ||| qw: Version: 0.2-a-120-gdf1a93b
     0 | D:1      | 0 ||| qw: Game counter: 3135
     0 | D:1      | 0 ||| qw: Always use a shield: true
     0 | D:1      | 0 ||| qw: God list: Okawaru
     0 | D:1      | 0 ||| qw: Allow faded altars: false
     0 | D:1      | 0 ||| qw: Do Orc after D:15 true
     0 | D:1      | 0 ||| qw: Do second Lair branch before Depths: true
     0 | D:1      | 0 ||| qw: Lair rune preference: random
     0 | D:1      | 0 ||| qw: Plans: Normal
     0 | D:1      | 0 ||| PLANNING D:1-11
   142 | D:1      | Reached XP level 2. HP: 25/25 MP: 1/1
   149 | D:1      | Reached skill level 5 in Ranged Weapons
   223 | D:1      | Found a faded altar of an unknown god.
   237 | D:1      | Reached skill level 3 in Fighting
   432 | D:1      | Reached XP level 3. HP: 31/31 MP: 2/2
   763 | D:1      | 763 ||| UPGRADING to +3 leather armour.
   773 | D:1      | 773 ||| DROPPING +0 leather armour.
   774 | D:1      | 774 ||| UPGRADING to +0 pair of gloves.
   779 | D:1      | 779 ||| READING scroll labelled QAISTR UTAP.
   780 | D:1      | 780 ||| READING scroll labelled LYH DAIRCHUMYM.
   781 | D:1      | 781 ||| DROPPING scroll of butterflies.
   950 | D:2      | Noticed Natasha
   959 | D:2      | Killed Natasha
   960 | D:2      | Reached skill level 6 in Ranged Weapons
   960 | D:2      | Reached XP level 4. HP: 29/38 MP: 3/3
  1261 | D:2      | Reached skill level 1 in Armour
  1263 | D:2      | Noticed Natasha
  1268 | D:2      | Killed Natasha
  1364 | D:2      | Noticed Natasha
  1371 | D:2      | Killed Natasha
  1372 | D:2      | Reached XP level 5. HP: 46/46 MP: 4/4
  1529 | D:2      | 1529 ||| DROPPING ring of wizardry.
  1530 | D:2      | 1530 ||| READING scroll labelled POATEU QEATZI.
  1531 | D:2      | 1531 ||| READING scroll labelled SEPNET XILL.
  1532 | D:2      | 1532 ||| READING scroll labelled MEEMUA SEESK.
  1533 | D:2      | 1533 ||| READING scroll labelled VUCUOG VUEM.
  1536 | D:2      | 1536 ||| READING scroll labelled ZORUAN DEINGAAGU.
  1616 | D:2      | 1616 ||| DRINKING 2 viscous golden potions.
  1617 | D:2      | 1617 ||| DRINKING 2 brown potions.
  1618 | D:2      | 1618 ||| DROPPING potion of attraction.
  1738 | D:3      | Found Otza's Book Shop.
  1825 | D:3      | Noticed a phantom
  1840 | D:3      | Killed a phantom
  1841 | D:3      | Reached skill level 7 in Ranged Weapons
  1885 | D:3      | Found Apso's Distillery.
  1895 | D:3      | 1895 ||| BUYING potion of curing (30 gold).
  1895 | D:3      | Bought a potion of curing for 30 gold pieces
  1895 | D:3      | 1895 ||| BUYING potion of curing (30 gold).
  1895 | D:3      | Bought a potion of curing for 30 gold pieces
  1895 | D:3      | 1895 ||| BUYING potion of heal wounds (50 gold).
  1895 | D:3      | Bought a potion of heal wounds for 50 gold pieces
  1895 | D:3      | 1895 ||| SHOPLISTING potion of mutation (80 gold, have 63).
  1896 | D:3      | Found a runed translucent gate.
  1896 | D:3      | Found a runed translucent gate.
  1896 | D:3      | Found a runed translucent gate.
  1898 | D:3      | Found an opulent altar of Gozag.
  1900 | D:3      | Noticed a sky beast
  1902 | D:3      | Noticed qw's ghost (amateur GrHu)
  1926 | D:3      | Reached XP level 6. HP: 27/52 MP: 5/5
  2287 | D:3      | Noticed Ijyb
  2292 | D:3      | HP: 10/52 [Ijyb/iceblast (13)]
  2293 | D:3      | 2293 ||| READING scroll of teleportation.
  2294 | D:3      | 2294 ||| DRINKING potion of heal wounds.
  2433 | D:3      | 2433 ||| FLEEEEING.
  2434 | D:3      | 2434 ||| FLEEEEING.
  2441 | D:3      | 2441 ||| FLEEEEING.
  2456 | D:3      | Killed Ijyb
  2522 | D:3      | 2522 ||| UPGRADING to ring of resist corrosion.
  2523 | D:3      | 2523 ||| READING scroll labelled LIUW AQEISARO.
  2524 | D:3      | 2524 ||| READING scroll labelled WULE GEULOULA.
  2525 | D:3      | 2525 ||| DRINKING 2 sapphire potions.
  2526 | D:3      | 2526 ||| DRINKING 2 blue potions.
  2633 | D:4      | HP: 12/52 [hobgoblin (3)]
  2636 | D:4      | Reached skill level 8 in Ranged Weapons
  2637 | D:4      | HP: 4/52 [gnoll/+0 spear (8)]
  2638 | D:4      | HP: 1/52 [gnoll/+0 spear (3)]
  2638 | D:4      | Slain by a gnoll

Levels and vault maps discovered:
D:1:      dpeg_chamrin_arrival_tetris, layout_basic,
          dreamdust_ecumenical_altar_statues, reono_crystal_passage,
          st_stairs_2, serial_park_tiny_2
D:2:      layout_loops_cross, minmay_tetromino_l4, uniq_natasha
D:3:      layout_loops_cross, serial_shops, shop_statue, shop,
          ebering_ghost_gozag, uniq_ijyb
D:4:      layout_loops_ring

Skill      XL: |  1  2  3  4  5  6 |
---------------+-------------------+-----
Ranged Weapons | 5 6 7 8 |  8.1
Fighting       | 3 4 |  4.1
Armour         | 1 |  1.0
Dodging        | |  2.1
Stealth        | |  0.7

Action                     |  1- 3 |  4- 6 || total
---------------------------+-------+-------++-------
   Fire: Shortbow          |   134 |   132 ||   266
    Use: Scroll            |     2 |     8 ||    10
         Potion            |       |     5 ||     5
 Armour: Leather armour    |    17 |    29 ||    46
  Dodge: Dodged            |    40 |    40 ||    80

Table legend:
 A = Non-vault XP
 B = Vault XP
 C = Vault XP percentage of total XP
 D = Non-vault monster count
 E = Vault monster count
 F = Vault count percentage of total count
                 A         B        C        D         E       F
            +---------+---------+-------+---------+---------+-------
      Total |     525 |      79 |  13.1 |      72 |       8 |  10.0
            +---------+---------+-------+---------+---------+-------
        D:1 |      60 |       4 |   6.2 |      35 |       2 |   5.4
        D:2 |     109 |      42 |  27.8 |      13 |       5 |  27.8
        D:3 |     193 |      33 |  14.6 |      19 |       1 |   5.0
        D:4 |     163 |       0 |   0.0 |       5 |       0 |   0.0
            +---------+---------+-------+---------+---------+-------
